 Dungeon Crawl Stone Soup version 0.31-a0-187-gba352fbbf7 (webtiles) character file.

Game seed: 11074079406566595016

21 qw the Shooter (level 2, 0/16 HPs)
             Began as a Deep Elf Hunter on June 22, 2023.
             Succumbed to their own poison gas
             ... on level 1 of the Dungeon.
             The game lasted 00:00:16 (625 turns).

qw the Shooter (Deep Elf Hunter)                     Turns: 625, Time: 00:00:16

Health: 0/16       AC:  6    Str:  8    XL:     2   Next: 62%
Magic:  4/4        EV: 12    Int: 13    God:
Gold:   34         SH:  0    Dex: 18    Spells: 1/1 levels left

rFire   . . .        Y - +0 shortbow
rCold   . . .        (shield currently unavailable)
rNeg    . . .        c - +0 leather armour
rPois   .            e - +2 helmet
rElec   .            (no cloak)
rCorr   .            (no gloves)
SInv    .            (no boots)
Will    .....        (no amulet)
Stlth   ++           (no ring)
HPRegen 0.22/turn    (no ring)
MPRegen 0.09/turn

%: no passive effects
@: lethally poisoned (0 -> -7)
A: no striking features
a: no special abilities


You were on level 1 of the Dungeon.
You visited 1 branch of the dungeon, and saw 1 of its levels.

You collected 34 gold pieces.


   Skills:
 - Level 1.5 Fighting
 + Level 6.4 Ranged Weapons
 - Level 2.4 Dodging
 - Level 1.2 Stealth


You had one spell level left.
You didn't know any spells.
Your spell library was empty.

Inventory:

Hand Weapons
 Y - a +0 shortbow (weapon)
Armour
 c - a +0 leather armour (worn)
 e - a +2 helmet (worn)
Potions
 d - a potion of degeneration {unknown}
 g - a potion of ambrosia {unknown}
 i - a potion of enlightenment {unknown}

Dungeon Overview and Level Annotations

Branches:
Dungeon (1/15)

Altars:

Shops:
D:1 =


Message History

You start waiting.
Your surroundings suddenly seem different.
Done exploring.
619 ||| READING scroll labelled HECSUCV OPLA.
As you read the scroll labelled HECSUCV OPLA, it crumbles to dust.
It is a scroll of identify.
Really abort (and waste the scroll)?
Done exploring.
620 ||| READING scroll labelled FIL VIMATAET.
The air fills with toxic fumes!
As you read the scroll labelled FIL VIMATAET, it crumbles to dust.
It was a scroll of poison.
Done exploring.
621 ||| DROPPING scroll of butterflies.
You drop a scroll of butterflies.
Done exploring.
(D) Dungeon
Where to? (* - list waypoints, ? - help)
What level of the Dungeon? (default 1, ? - help) Sorry, I don't know how to get there.
Enter note:
Enter note:
Enter note:
Enter note:
Enter note:
Enter note:
Enter note:
Enter note:
Enter note:
Enter note:
Enter note:
Enter note: Really walk into that cloud of poison gas?
You are engulfed in poison gas.
You are poisoned.
You feel very sick.
623 ||| Stepping ~*~*~tactically~*~*~ (cloud).
You feel sick.
There is a lethal amount of poison in your body!
You feel sick.
There is a lethal amount of poison in your body!
You die...

## #..##....#..#..#..#..#... .##
##.#......#..#.#.#..#.... ..###
#.#...#...#.#.#.#.#...#. ....#
#......##..#.#.#.#..##.. .##.#
#####.....:.##.#...#.##....
.##.###...¤¤#.......#.....#......
.##.....####¤¤######...<...######
.#####..##.00¤¤¤....#.....#......
######.....##0¤¤@.##.#...#.##....
........####¤¤¤¤##..#.#.#.#..##..
.####......#...#?..#.#.#.#.#...#.
..#...####¤¤¤¤¤...#..#.#.#..#....
.%....#######¤...#..#..#..#..#...
.####.......¤¤..#...#..#..#...#..
## #########.[....#...#...#.....
# ###..).......#).......# #
#...................###


There were no monsters in sight!

Vanquished Creatures
  A dart slug (D:1)
  2 giant cockroaches (D:1)
  3 hobgoblins (D:1)
  A quokka (D:1)
  A ball python (D:1)
  2 bats (D:1)
  3 frilled lizards (D:1)
  2 goblins (D:1)
  2 kobolds (D:1)
  4 rats (D:1)
21 creatures vanquished.

Notes
Turn   | Place    | Note
-------+----------+-------------------------------------------
     0 | D:1      | qw the Deep Elf Hunter began the quest for the Orb.
     0 | D:1      | Reached XP level 1. HP: 12/12 MP: 3/3
     0 | D:1      | 0 ||| qw: Version: 0.3-a-9-g12657ce
     0 | D:1      | 0 ||| qw: Game counter: 2611
     0 | D:1      | 0 ||| qw: Always use a shield: true
     0 | D:1      | 0 ||| qw: God list: Okawaru
     0 | D:1      | 0 ||| qw: Allow faded altars: false
     0 | D:1      | 0 ||| qw: Do Orc after D:15 true
     0 | D:1      | 0 ||| qw: Do second Lair branch before Depths: true
     0 | D:1      | 0 ||| qw: Lair rune preference: random
     0 | D:1      | 0 ||| qw: Plans: Normal
     0 | D:1      | 0 ||| PLANNING D:1-11
    99 | D:1      | Found Lost's Jewellery Shoppe.
   103 | D:1      | Reached skill level 6 in Ranged Weapons
   103 | D:1      | Reached XP level 2. HP: 16/16 MP: 4/4
   125 | D:1      | 125 ||| SHOPLISTING +6 ring of strength (504 gold, have
                  | 14).
   125 | D:1      | 125 ||| SHOPLISTING amulet of Waocuosu {Faith -Tele rPois
                  | Str+2} (677 gold, have 14).
   125 | D:1      | 125 ||| SHOPLISTING amulet of faith (560 gold, have 14).
   125 | D:1      | 125 ||| SHOPLISTING amulet of reflection (420 gold, have
                  | 14).
   125 | D:1      | 125 ||| SHOPLISTING amulet of regeneration (420 gold, have
                  | 14).
   125 | D:1      | 125 ||| SHOPLISTING amulet of the acrobat (420 gold, have
                  | 14).
   125 | D:1      | 125 ||| SHOPLISTING ring of Youthful Indiscretion {rCorr
                  | Int+4 SInv} (554 gold, have 14).
   125 | D:1      | 125 ||| SHOPLISTING ring of willpower (350 gold, have 14).
   611 | D:1      | 611 ||| UPGRADING to +2 helmet.
   616 | D:1      | 616 ||| READING scroll labelled GEFFOEQ QIGAED.
   619 | D:1      | 619 ||| READING scroll labelled HECSUCV OPLA.
   620 | D:1      | 620 ||| READING scroll labelled FIL VIMATAET.
   621 | D:1      | 621 ||| DROPPING scroll of butterflies.
   623 | D:1      | 623 ||| Stepping ~*~*~tactically~*~*~ (cloud).
   623 | D:1      | HP: 3/16 [poisoned by you (poison gas)]
   624 | D:1      | HP: 1/16 [poisoned by you (poison gas)]
   625 | D:1      | Succumbed to their own poison gas

Levels and vault maps discovered:
D:1:      minmay_arrival_radiant_lines, layout_rooms, serial_shops,
          nicolae_shop_advertising_works [nicolae_subvault_shop_adworks],
          minmay_misc_feat_doors, serial_bayou_ford_a, kennysheep_another_room

Skill      XL: |  1 |
---------------+----+-----
Ranged Weapons | 6 |  6.4
Fighting       | |  1.5
Dodging        | |  2.4
Stealth        | |  1.2

Action                     || total
---------------------------++-------
   Fire: Shortbow          ||    49
    Use: Scroll            ||     3
 Armour: Leather armour    ||     2
  Dodge: Dodged            ||     7

Table legend:
 A = Non-vault XP
 B = Vault XP
 C = Vault XP percentage of total XP
 D = Non-vault monster count
 E = Vault monster count
 F = Vault count percentage of total count
                 A         B        C        D         E       F
            +---------+---------+-------+---------+---------+-------
      Total |      30 |       0 |   0.0 |      21 |       0 |   0.0
            +---------+---------+-------+---------+---------+-------
        D:1 |      30 |       0 |   0.0 |      21 |       0 |   0.0
            +---------+---------+-------+---------+---------+-------
